Map: Frostline LE

Players

ihatetomato

  • Race: Zerg Zerg
  • League: Diamond
  • Spawn Location: 1:00

wootwoot - Winner!

  • Race: Terran Terran
  • League: Diamond
  • Spawn Location: 7:00

VOD

Have the link to the VOD?

Description

Time

  • Played on: April 2, 2025, 7:54 p.m.
  • Length: 7:44
Show
View Real Time Build Order
Export as new Build Order

ihatetomato Zerg 

Build Orders: Hatch First 

Get SALT Encoding   

  12  0:01  Drone  
  13  0:12  Overlord  
  13  0:18  Drone  
  14  0:30  Drone x2  
  16  0:38  Drone  
  17  0:51  Hatchery  
  17  0:54  Drone  
  17  0:57  Drone  
  18  1:10  Extractor  
  17  1:13  Spawning Pool  
  17  1:15  Drone  
  17  1:18  Drone  
  18  1:27  Drone  
  19  1:39  Drone  
  20  1:56  Hatchery  
  20  1:59  Queen  
  21  2:07  Queen  
  23  2:11  Zergling x2  
  24  2:16  Metabolic Boost  
  24  2:21  Zergling x2  
  25  2:29  Overlord  
  25  2:31  Drone  
  25  2:32  Drone  
  27  2:41  Drone  
  28  2:55  Drone x2, Overlord  
  28  2:56  Drone x2  
  32  3:02  Drone  
  33  3:08  Drone x3  
  33  3:09  Drone x2  
  38  3:17  Queen  
  41  3:27  Drone x5  
  45  3:38  Hatchery  
  44  3:49  Drone x2  
  44  3:50  Drone  
  46  3:56  Overlord x2  
  46  3:59  Queen  
  48  4:02  Extractor  
  48  4:04  Lair  
  48  4:06  Drone x2  
  49  4:15  Spore Crawler  
  48  4:20  Zergling x6  
  48  4:21  Zergling x6  
  48  4:22  Spine Crawler, Drone x2  
  48  4:24  Drone  
  56  4:36  Drone, Evolution Chamber  
  56  4:39  Evolution Chamber  
  56  4:40  Drone x3, Extractor  
  57  5:02  Zergling x14  
  57  5:03  Overlord x2  
  57  5:05  Zerg Melee Weapons Level 1  
  64  5:07  Zerg Ground Armor Level 1  
  64  5:18  Drone, Baneling Nest  
  64  5:19  Drone  
  64  5:20  Drone x6  
  71  5:29  Zergling x2  
  71  5:30  Zergling x8, Overlord  
  75  5:50  Zergling x2  
  75  5:51  Zergling x22  
  86  6:00  Zergling x4  
  86  6:02  Centrifugal Hooks  
  85  6:06  Drone x3, Queen  
  85  6:10  Baneling  
  85  6:11  Baneling x9  
  90  6:12  Baneling x2  
  90  6:13  Zergling x6  
  90  6:17  Drone  
  94  6:19  Extractor  
  94  6:25  Overlord x3  
  88  6:44  Zergling x16  
  88  6:45  Zergling x6  
  77  7:05  Zergling x18  
  77  7:06  Zergling x8  
  85  7:09  Baneling x5  
Show
View Real Time Build Order
Export as new Build Order

wootwoot Terran - Winner!

Build Orders: 2 Factory, Gas First Reaper Expand 

Get SALT Encoding   

  12  0:00  SCV  
  13  0:12  SCV  
  14  0:17  Supply Depot  
  14  0:24  SCV  
  14  0:27  Refinery  
  15  0:38  SCV  
  16  0:44  Barracks  
  16  0:50  SCV  
  17  1:03  SCV  
  18  1:15  SCV  
  19  1:31  Orbital Command, Reaper  
  20  1:42  Command Center  
  20  1:54  Factory  
  20  1:58  SCV  
  21  2:03  Refinery  
  21  2:10  SCV  
  21  2:12  Barracks Reactor  
  21  2:15  Supply Depot  
  22  2:22  SCV  
  23  2:38  Factory  
  23  2:40  SCV  
  24  2:55  Orbital Command, Hellion x2  
  24  2:58  SCV  
  29  3:04  Barracks Tech Lab  
  29  3:10  SCV  
  32  3:20  Hellion x2  
  32  3:22  SCV  
  32  3:26  SCV  
  36  3:29  Mag-Field Accelerator  
  36  3:31  Cyclone  
  39  3:34  SCV  
  39  3:41  SCV  
  41  3:42  Supply Depot x2  
  41  3:46  SCV  
  42  3:53  SCV  
  43  3:58  SCV  
  44  4:05  SCV  
  45  4:12  Factory  
  45  4:13  Factory  
  45  4:14  SCV  
  45  4:15  Factory  
  46  4:17  SCV  
  46  4:22  Refinery x2  
  47  4:26  SCV, Hellion  
  47  4:28  Hellion  
  47  4:29  SCV  
  53  4:31  Cyclone  
  53  4:38  SCV  
  57  4:41  SCV  
  57  4:42  Supply Depot  
  57  4:44  Supply Depot  
  58  4:46  Supply Depot  
  58  4:50  SCV  
  59  4:53  SCV  
  59  4:55  Factory Tech Lab  
  59  4:56  Factory Tech Lab  
  59  4:58  Factory Reactor  
  60  5:02  SCV  
  60  5:04  Cyclone  
  60  5:05  SCV  
  65  5:12  Hellion x2  
  69  5:17  Cyclone  
  69  5:18  Cyclone  
  75  5:26  Infernal Pre-Igniter  
  75  5:33  Hellion x2  
  79  5:36  Hellion  
  79  5:37  Hellion  
  79  5:41  Supply Depot  
  79  5:42  Supply Depot  
  81  5:51  Cyclone x2  
  81  5:55  SCV x2  
  83  6:00  Hellion  
  83  6:02  Hellion  
  83  6:04  Hellion  
  88  6:07  SCV  
  89  6:15  Hellion x2  
  93  6:20  SCV x2  
  95  6:30  Cyclone x2  
  100  6:39  Hellion  
  102  6:42  Hellion  
  102  6:57  Supply Depot x2  
  102  7:01  SCV  
  101  7:03  SCV, Hellion  
  100  7:09  Hellion  
  100  7:13  Hellion x2  
  100  7:14  Hellion  
  102  7:15  Hellion  
  102  7:18  SCV  
  102  7:21  Hellion  
Tags
 
Add a new tag
Caveats
  • Supply blocks, unpowered buildings, or Contaminate may cause inaccurate times.
  • Supply counts are checked every 10 seconds.